 Dungeon Crawl Stone Soup version 0.28.0-53-g5a82cb258f (webtiles) character file.

Game seed: 9723430178543698460

204 Ashen the Chiller (level 5, -2/39 HPs)
             Began as a Demonspawn Ice Elementalist on July 13, 2022.
             Was an Initiate of Vehumet.
             Succumbed to a scorpion's poison
             ... on level 4 of the Dungeon.
             The game lasted 00:05:41 (4301 turns).

Ashen the Chiller (Demonspawn Ice Elementalist)     Turns: 4301, Time: 00:05:43

Health: -2/39      AC:  5    Str:  8    XL:     5   Next: 52%
Magic:  5/9        EV: 12    Int: 19    God:    Vehumet [......]
Gold:   153        SH:  0    Dex: 13    Spells: 2/9 levels left

rFire   + . .      SeeInvis .   (no weapon)
rCold   + . .      Faith    .   (no shield)
rNeg    . . .      Spirit   .   a - +0 robe
rPois   .          Reflect  .   k - +0 helmet
rElec   .          Harm     .   i - scarf {rC+ rF+}
rCorr   .          Rampage  .   (no gloves)
Will    +....                   j - +0 pair of boots
Stlth   ++........              g - amulet of magic regeneration
HPRegen 0.13/turn               h - ring of willpower
MPRegen 0.51/turn               (no ring)

@: lethally poisoned (-2 -> -32)
A: claws 1, rugged brown scales 1
a: Renounce Religion


You were on level 4 of the Dungeon.
You worshipped Vehumet.
Vehumet was noncommittal.
You visited 1 branch of the dungeon, and saw 4 of its levels.

You collected 153 gold pieces.

Inventory:

Armour
 a - a +0 robe (worn)
 i - a scarf of resistance (worn)
 j - a +0 pair of boots (worn)
 k - a +0 helmet (worn)
Jewellery
 g - an amulet of magic regeneration (around neck)
 h - a ring of willpower (left claw)
Scrolls
 c - a scroll of summoning {unknown}
 d - 3 scrolls of magic mapping {unknown}
 e - 2 scrolls of identify {unknown}
 f - a scroll of fear {unknown}
 m - a scroll of noise {unknown}
Potions
 b - 3 potions of curing {unknown}
 l - 2 potions of invisibility {unknown}
 n - a potion of heal wounds {unknown}
 o - 2 potions of might {unknown}


   Skills:
 + Level 2.2 Fighting
 + Level 2.7 Dodging
 + Level 2.9 Stealth
 + Level 2.9 Spellcasting
 + Level 4.2 Ice Magic


You had 2 spell levels left.
You knew the following spells:

 Your Spells              Type           Power      Damage    Failure   Level
a - Freeze                Ice            76%        1d9       2%          1
b - Frozen Ramparts       Ice            38%        1d5       8%          3
c - Ozocubu's Armour      Ice            19%        N/A       8%          3

Your spell library contained the following spells:

 Spells                   Type           Power      Damage    Failure   Level
 Slow                     Hex            8%         N/A       16%         1
 Confusing Touch          Hex            2%         N/A       43%         3
 Vampiric Draining        Necr           2%         2d6       43%         3
 Hailstorm                Conj/Ice       10%        3d5       54%         4


Dungeon Overview and Level Annotations

Branches:
Dungeon (4/15)
 Temple: D:4-7

Altars:
Cheibriados
Nemelex Xobeh
Qazlal
Trog
Uskayaw
Vehumet

Shops:
D:1 *


Innate Abilities, Weirdness & Mutations

You have sharp fingernails.
You are partially covered in rugged brown scales. (AC +1, +3% HP)


Message History

Aim: a scorpion (moderately wounded)
You freeze the scorpion.
The scorpion is moderately wounded.
The scorpion stings you.
You are poisoned.
The scorpion poisons you!
Casting: Freeze (safe; 2% risk of failure)
Confirm with . or Enter, or press ? or * to list all spells.
Aiming: Freeze (safe; 2% risk of failure)
Press: ? - help, Shift-Dir - straight line, f/p - scorpion
Aim: a scorpion (moderately wounded)
You freeze the scorpion.
The scorpion is heavily wounded.
You feel sick. The scorpion stings you.
* * * LOW HITPOINT WARNING * * *
You are lethally poisoned!
The scorpion poisons you!
Casting: Freeze (safe; 2% risk of failure)
Confirm with . or Enter, or press ? or * to list all spells.
Aiming: Freeze (safe; 2% risk of failure)
Press: ? - help, Shift-Dir - straight line, f/p - scorpion
Aim: a scorpion (heavily wounded)
You freeze the scorpion.
The scorpion is almost dead.
* * * LOW HITPOINT WARNING * * *
You feel very sick.
The scorpion stings you but does no damage.
The scorpion stings you.
* * * LOW HITPOINT WARNING * * *
You are more poisoned.
The scorpion poisons you!
Casting: Freeze (safe; 2% risk of failure)
Confirm with . or Enter, or press ? or * to list all spells.
Aiming: Freeze (safe; 2% risk of failure)
Press: ? - help, Shift-Dir - straight line, f/p - scorpion
Aim: a scorpion (almost dead)
You freeze the scorpion!
You kill the scorpion!
Vehumet accepts your kill.
You die...

.# .# ... .## #### ...#
..## ###..######...#
_..# #...<..........
...# #..............
...+ +..............
...# #..............
_.##. #####..###@.##..#
..##.##..##..# #.†#
.+...........# .....
.#...........#........
##+####'##..########..#
##.####.##+#### ..#
...'........... ...
...#........... ..
+####+####+###.


There were no monsters in sight!

Vanquished Creatures
  A scorpion (D:4)
  An iguana (D:4)
  Jessica (D:3)
  A hound skeleton (D:4)
  5 adders
  2 dart slugs (D:1)
  4 orcs (D:3)
  4 ball pythons
  8 endoplasms
  4 giant cockroaches
  8 hobgoblins
  10 jackals
  6 kobolds
  A quokka (D:1)
  5 bats
  2 frilled lizards
  10 goblins
  A quokka skeleton (D:4)
  3 rats
77 creatures vanquished.

Notes
Turn   | Place    | Note
-------+----------+-------------------------------------------
     0 | D:1      | Ashen the Demonspawn Ice Elementalist began the quest for
                  | the Orb.
     0 | D:1      | Reached XP level 1. HP: 13/13 MP: 3/3
    51 | D:1      | Found Mekkizao's General Store.
   714 | D:1      | Gained mutation: You are partially covered in rugged brown
                  | scales. (AC +1, +3% HP) [demonic ancestry]
   714 | D:1      | Reached XP level 2. HP: 9/20 MP: 0/5
  1269 | D:1      | Found a faded altar of an unknown god.
  1461 | D:1      | Reached skill level 1 in Fighting
  1623 | D:1      | Reached XP level 3. HP: 26/26 MP: 4/6
  2156 | D:2      | Found a snail-covered altar of Cheibriados.
  2196 | D:2      | Learned a level 3 spell: Frozen Ramparts
  2473 | D:2      | Reached XP level 4. HP: 32/32 MP: 5/7
  2580 | D:2      | Reached skill level 4 in Ice Magic
  3109 | D:3      | Learned a level 3 spell: Ozocubu's Armour
  3518 | D:3      | Found a bloodstained altar of Trog.
  3933 | D:3      | Noticed Jessica
  3939 | D:3      | Killed Jessica
  3940 | D:3      | Gained mutation: You have sharp fingernails. [demonic
                  | ancestry]
  3940 | D:3      | Reached XP level 5. HP: 38/39 MP: 7/9
  4245 | D:4      | Found a radiant altar of Vehumet.
  4245 | D:4      | Found a hide-covered altar of Uskayaw.
  4249 | D:4      | Found a sparkling altar of Nemelex Xobeh.
  4249 | D:4      | Found a stormy altar of Qazlal.
  4254 | D:4      | Became a worshipper of Vehumet
  4301 | D:4      | Succumbed to a scorpion's poison

Illustrated notes

Levels and vault maps discovered:
D:1:      heliophobic_arrival_ceremonial_halls, layout_basic, serial_shops,
          shop, chequers_ecumenical_altar_simple, minmay_misc_feat_tiny
D:2:      layout_basic, basic_altar
D:3:      layout_basic, amcnicky_altar_gilded, uniq_jessica
D:4:      kennysheep_goblin_castle, layout_gridville,
          grunt_temple_overflow_open, serial_shops, shop, uniq_grinder

Skill      XL: |  1  2  3  4 |
---------------+-------------+-----
Stealth        | 2 |  2.9
Dodging        | 2 |  2.7
Fighting       | 1 2 |  2.2
Ice Magic      | 4 |  4.2
Spellcasting   | |  2.9

Action                   |  1- 3 |  4- 6 || total
-------------------------+-------+-------++-------
Melee: Unarmed           |    58 |    61 ||   119
       Punch             |       |     1 ||     1
 Cast: Freeze            |    65 |    49 ||   114
       Frozen Ramparts   |       |     3 ||     3
 Stab: Sleeping          |     3 |     4 ||     7
Armor: Robe              |    37 |    29 ||    66
Dodge: Dodged            |    66 |    64 ||   130
